 Dungeon Crawl Stone Soup version 0.18-a0-19-g8b99b3a (webtiles) character file.

291 Raultor the Shield-Bearer (level 6, -4/48 HPs)
             Began as a Formicid Fighter on Nov 1, 2015.
             Slain by a phantom (5 damage)
             ... on level 3 of the Dungeon.
             The game lasted 00:05:09 (1355 turns).

Raultor the Shield-Bearer (Formicid Fighter)        Turns: 1355, Time: 00:05:10

Health: -4/48      AC:  7    Str: 23    XL:     6   Next: 58%
Magic:  6/6        EV:  9    Int:  7    God:
Gold:   89         SH: 10    Dex: 10    Spells: 0 memorised, 5 levels left

rFire  . . .     SeeInvis +     l - +0 war axe
rCold  . . .     Clarity  .     b - +0 scale mail
rNeg   . . .     SustAt   .     c - +0 shield
rPois  .         Gourm    .     (helmet unavailable)
rElec  .         Spirit   .     (no cloak)
rCorr  .         Warding  .     (no gloves)
rMut   .         Stasis   +     (no boots)
MR     .....                    a - amulet of regeneration
Stlth  ..........               (no ring)
                                (no ring)

@: lethally poisoned (-4 -> -4), not resistant to hostile enchantments,
extremely unstealthy
A: permanent stasis, dig shafts and tunnels, four strong arms, antennae 3
a: Dig, Shaft Self


You were on level 3 of the Dungeon.
You were not hungry.

You visited 1 branch of the dungeon, and saw 3 of its levels.

You collected 89 gold pieces.

Inventory:

Hand Weapons
 l - a +0 war axe (weapon)
Missiles
 s - 6 javelins (quivered)
Armour
 b - a +0 scale mail (worn)
 c - a +0 shield (worn)
Jewellery
 a - an amulet of regeneration (around neck)
Scrolls
 f - a scroll of teleportation {unknown}
 i - 6 scrolls of identify {unknown}
 k - a scroll of blinking {unknown}
 n - 2 scrolls of enchant weapon {unknown}
 o - 2 scrolls of amnesia {unknown}
 q - a scroll of immolation {unknown}
 t - a scroll of remove curse {unknown}
 u - a scroll of fog {unknown}
 v - a scroll of random uselessness {unknown}
Potions
 d - 2 potions of might
 m - a potion of brilliance {unknown}
 p - 2 potions of agility {unknown}
 r - 2 potions of curing {unknown}
 x - 2 potions of mutation {unknown}
Comestibles
 e - a bread ration
 g - 2 meat rations
 h - a beef jerky
 j - 3 fruits
 w - 7 chunks of flesh


   Skills:
 + Level 4.1 Fighting
 * Level 4.2 Axes
 + Level 4.1 Armour
 - Level 1.5 Dodging
 + Level 5.0 Shields


You had 5 spell levels left.
You didn't know any spells.

Dungeon Overview and Level Annotations

Branches:
Dungeon (3/15)

Altars:


Innate Abilities, Weirdness & Mutations

You are under a permanent stasis effect.
You can dig through walls and to a lower floor.
Your four strong arms can wield two-handed weapons with a shield.
You have a pair of large antennae on your head (SInv).


Message History

a - an amulet of regeneration (around neck)
There is an open door, spattered with blood here.
Things that are here:
an orc corpse; a jackal corpse You hit the phantom.
The phantom is heavily damaged.
You feel sick. The phantom hits you.
* * * LOW HITPOINT WARNING * * *
The phantom barely misses you.
* * * LOW HITPOINT WARNING * * *
You feel sick.
Found 7 gold pieces.
* * * LOW HITPOINT WARNING * * *
You feel sick.
Found a stone staircase leading down.
You closely miss the phantom.
The phantom is heavily damaged.
* * * LOW HITPOINT WARNING * * *
You feel sick. The phantom hits you.
You die...

#.####.############
#.......†..........
#..###.############
##.# #.#
####†###.###
#...........
#...........
#...W.......
#...@.......
#...........
#.?.........
#...........
#######$.### ..#
..# >#


You could see a phantom.

Vanquished Creatures
  Sigmund (D:2)
  A worker ant (D:3)
  An adder (D:2)
  4 gnolls (D:3)
  2 oozes
  A giant gecko (D:1)
  An orc (D:3)
  7 bats
  3 giant cockroaches (D:1)
  5 hobgoblins
  5 jackals
  5 giant newts
  8 goblins
  3 kobolds
  6 rats
53 creatures vanquished.

Notes
Turn   | Place    | Note
--------------------------------------------------------------
     0 | D:1      | Raultor the Formicid Fighter began the quest for the Orb.
     0 | D:1      | Reached XP level 1. HP: 18/18 MP: 1/1
   138 | D:1      | Reached XP level 2. HP: 17/24 MP: 2/2
   374 | D:1      | Reached XP level 3. HP: 22/29 MP: 3/3
   578 | D:1      | Reached skill level 4 in Shields
   696 | D:2      | Noticed Sigmund
   706 | D:2      | Killed Sigmund
   706 | D:2      | Reached skill level 1 in Dodging
   706 | D:2      | Reached XP level 4. HP: 23/37 MP: 4/4
   706 | D:2      | Reached XP level 5. HP: 26/42 MP: 5/5
   706 | D:2      | Reached XP level 6. HP: 29/48 MP: 6/6
  1347 | D:3      | Reached skill level 5 in Shields
  1347 | D:3      | HP: 2/48 [poisoned by a worker ant]
  1353 | D:3      | HP: 1/48 [poisoned by a worker ant]
  1355 | D:3      | Slain by a phantom

Vault maps used:
D:1:      lordsloth_arrival_two_stooges
D:2:      uniq_sigmund

Action                   |  1- 3 |  4- 6 || total
-------------------------+-------+-------++-------
Melee: War axe           |    96 |   102 ||   198
  Eat: Chunk             |       |     2 ||     2
